 Dungeon Crawl Stone Soup version 0.25-a0-663-gace7076f2c (webtiles) character file.

Game seed: 13679620275903286688, levelgen mode: deterministic

1612 Eurus the Conjurer (level 8, 0/52 HPs)
             Began as a Mummy Conjurer on Mar 25, 2020.
             Was an Initiate of Ashenzari.
             Slain by a wolf spider zombie (6 damage)
             ... on level 8 of the Dungeon.
             The game lasted 00:20:44 (7907 turns).

Eurus the Conjurer (Mummy Conjurer)                 Turns: 7907, Time: 00:20:45

Health: 0/52       AC:  4    Str: 12    XL:     8   Next: 63%
Magic:  7/17       EV: 12    Int: 16    God:    Ashenzari [......]
Gold:   418        SH:  0    Dex: 19    Spells: 12/19 levels left

rFire    + . .     SeeInvis .   m - +3 dagger (venom)
rCold    + . .     Gourm    .   (no shield)
rNeg     + + +     Faith    .   s - +0 leather armour
rPois    ∞         Spirit   .   (no helmet)
rElec    +         Reflect  .   (no cloak)
rCorr    .         Harm     .   (no gloves)
MR       ++...                  A - +0 pair of boots
Stlth    ++........             x - amulet of Light {RegenMP rElec Dex+2 Slay+2} (curse)
HPRegen  0.17/turn              v - ring of protection from fire
MPRegen  0.40/turn              y - ring "Hiyreag" {rF+ MR+ Dex+5}

@: no status effects
A: no food or potions, fire vulnerability, cold resistance 1, negative energy
resistance 3, torment resistance, unbreathing
a: Curse Item, Renounce Religion


You were on level 8 of the Dungeon.
You worshipped Ashenzari.
Ashenzari was noncommittal.
You were not hungry.

You visited 2 branches of the dungeon, and saw 9 of its levels.

You collected 418 gold pieces.

Inventory:

Hand Weapons
 m - a +3 dagger of venom (weapon)
Armour
 o - a +1 buckler
 s - a +0 leather armour (worn)
 z - a +3 scale mail
 A - a +0 pair of boots (worn)
Jewellery
 v - a ring of protection from fire (left hand)
 x - the cursed amulet of Light (around neck) {RegenMP rElec Dex+2 Slay+2}
   (You took it off an orc on level 5 of the Dungeon)

   [amulet of magic regeneration]

   It increases your magic regeneration.
   It affects your dexterity (+2).
   It affects your accuracy and damage with ranged weapons and melee attacks
   (+2).
   It insulates you from electricity.
   It has a curse placed upon it.
 y - the ring "Hiyreag" (right hand) {rF+ MR+ Dex+5}
   (You found it on level 5 of the Dungeon)

   [ring of protection from fire]

   It affects your dexterity (+5).
   It protects you from fire.
   It affects your resistance to hostile enchantments.
Wands
 a - a wand of polymorph (7)
 b - a wand of iceblast (11)
 r - a wand of digging (3)
 w - a wand of disintegration (4)
Scrolls
 c - a scroll of magic mapping {unknown}
 e - 2 scrolls of remove curse
 k - 5 scrolls of identify
 n - a scroll of fear
 t - 3 scrolls of teleportation


   Skills:
 + Level 3.2 Armour
 - Level 1.5 Dodging
 - Level 1.5 Stealth
 + Level 2.9 Shields
 + Level 6.3 Spellcasting
 * Level 6.8 Conjurations
 + Level 2.7 Translocations


You had 12 spell levels left.
You knew the following spells:

 Your Spells              Type           Power        Failure   Level  Hunger
a - Magic Dart            Conj           ####         1%          1    N/A
b - Searing Ray           Conj           ####..       1%          2    N/A
c - Iskenderun's Mystic   Conj/Tloc      ###.....     24%         4    N/A

Your spell library contained the following spells:

 Spells                   Type           Power        Failure   Level  Hunger
 Dazzling Flash           Conj/Hex       ###...       13%         3    N/A
 Stone Arrow              Conj/Erth      ###...       13%         3    N/A
 Sandblast                Erth           #.....       17%         1    N/A
 Sting                    Tmut/Pois      #...         17%         1    N/A
 Fulminant Prism          Conj/Hex       ###.......   38%         4    N/A
 Alistair's Intoxication  Tmut/Pois      #.......     99%         5    N/A
 Borgnjor's Vile Clutch   Necr/Erth      #.........   99%         5    N/A
 Beastly Appendage        Tmut           Unusable     N/A         1    N/A
 Ice Form                 Ice/Tmut       Unusable     N/A         4    N/A

Dungeon Overview and Level Annotations

Branches:
Dungeon (8/15)             Temple (1/1) D:6
   Lair: D:8-11

Altars:
Ashenzari
Cheibriados
Dithmenos
Elyvilon
Fedhas
Gozag
Hepliaklqana
Kikubaaqudgha
Nemelex Xobeh
Qazlal
Ru
Uskayaw
Wu Jian
Xom
Yredelemnul
Zin
The Shining One

Shops:
D:4 (   D:7 =


Innate Abilities, Weirdness & Mutations

You do not eat or drink.
Your flesh is vulnerable to fire.
You are immune to poison.
Your flesh is cold resistant. (rC+)
You are immune to negative energy. (rN+++)
You are immune to unholy pain and torment.
You can survive without breathing.


Message History

The wolf spider zombie hits you but does no damage.
The wolf spider zombie closely misses you.
Casting: Searing Ray (safe; 1% risk of failure)
Confirm with . or Enter, or press ? or * to list all spells.
Aiming: Searing Ray (safe; 1% risk of failure)
Press: ? - help, Shift-Dir - straight line, f - wolf spider zombie
Aim: a wolf spider zombie (heavily damaged)
The searing ray hits the wolf spider zombie!
The wolf spider zombie is severely damaged. (Press . to maintain the ray.)
The wolf spider zombie barely misses you.
The wolf spider zombie bites you!
* * * LOW HITPOINT WARNING * * *
The wolf spider zombie hits you.
* * * LOW HITPOINT WARNING * * *
The wolf spider zombie misses you.
The searing ray hits the wolf spider zombie!
The wolf spider zombie is severely damaged.
The wolf spider zombie hits you.
You die...

#.#
#.#####...........
#.<............Z..
#.#####...........
#.# .......... #.#
....K.. #.# ...K
#.#########'#
#...@Z).)...#
#############


You could see a wolf spider zombie.

Vanquished Creatures
  An orc warrior (D:6)
  2 ogres
  2 bullfrogs
  A big kobold (D:8)
  3 scorpions
  4 howler monkeys
  2 crimson imps
  2 hounds
  6 orc wizards
  A bullfrog skeleton (D:4)
  2 orc priests
  3 iguanas
  Ijyb (D:5)
  5 worker ants
  A hound zombie (D:6)
  A howler monkey zombie (D:5)
  3 gnolls (D:3)
  7 adders
  2 adder skeletons
  An adder zombie (D:6)
  3 worms
  3 dart slugs
  3 leopard geckos
  13 orcs
  8 bats
  7 giant cockroaches
  9 goblins
  8 hobgoblins
  12 jackals
  A quokka (D:3)
  3 frilled lizards
  11 kobolds
  A leopard gecko skeleton (D:5)
  A leopard gecko zombie (D:5)
  A quokka skeleton (D:5)
  5 rats
139 creatures vanquished.

Notes
Turn   | Place    | Note
-------+----------+-------------------------------------------
     0 | D:1      | Eurus the Mummy Conjurer began the quest for the Orb.
     0 | D:1      | Reached XP level 1. HP: 13/13 MP: 4/4
   291 | D:1      | Reached XP level 2. HP: 19/19 MP: 3/6
   295 | D:1      | Learned a level 2 spell: Searing Ray
  1109 | D:2      | Reached XP level 3. HP: 24/24 MP: 1/7
  1523 | D:2      | Reached XP level 4. HP: 30/30 MP: 7/9
  2327 | D:3      | Found an ancient bone altar of Kikubaaqudgha.
  3015 | D:3      | Found an opulent altar of Gozag.
  3021 | D:3      | Reached XP level 5. HP: 31/35 MP: 7/11
  3497 | D:4      | Reached skill level 1 in Armour
  3635 | D:4      | Found Zyiley's Antique Weapon Boutique.
  3727 | D:4      | Found a white marble altar of Elyvilon.
  4081 | D:4      | Reached skill level 5 in Conjurations
  4081 | D:4      | Reached XP level 6. HP: 36/41 MP: 3/12
  4087 | D:4      | Learned a level 4 spell: Iskenderun's Mystic Blast
  4416 | D:4      | Reached skill level 1 in Shields
  4607 | D:5      | Entered Level 5 of the Dungeon
  4632 | D:5      | Noticed Ijyb
  4669 | D:5      | Killed Ijyb
  4984 | D:5      | Reached skill level 5 in Spellcasting
  4984 | D:5      | Reached skill level 1 in Translocations
  5095 | D:5      | Reached XP level 7. HP: 41/46 MP: 10/14
  5302 | D:5      | Found a blossoming altar of Fedhas.
  5314 | D:5      | Identified the amulet of Light {RegenMP rElec Dex+2 Slay+2}
  5403 | D:5      | Got a flickering jade ring
  5789 | D:6      | Found a staircase to the Ecumenical Temple.
  5819 | Temple   | Entered the Ecumenical Temple
  5943 | Temple   | Became a worshipper of Ashenzari the Shackled
  5943 | Temple   | Identified the ring "Hiyreag" {rF+ MR+ Dex+5} (You found it
                  | on level 5 of the Dungeon)
  6546 | D:6      | Reached XP level 8. HP: 7/52 MP: 9/16
  7349 | D:7      | Found a glowing silver altar of Zin.
  7359 | D:7      | Found an ornate altar of the Wu Jian Council.
  7522 | D:7      | Found Xabas's Jewellery Boutique.
  7671 | D:7      | Identified Roxanne's Reference Book on Shifting Stones
  7907 | D:8      | Slain by a wolf spider zombie

Levels and vault maps discovered:
D:1:      minmay_arrival_open_corners, layout_loops_ring,
          minmay_misc_feat_pillars
D:2:      layout_loops_cross, first_ration
D:3:      layout_basic, nicolae_gozag_cash_rules_everything_around_me,
          kiku_gazebo_pond_becter
D:4:      layout_loops_ring, serial_shops, shop, elyvilon_altar_3
D:5:      layout_cave_pools, minmay_splitting_lines, fedhas_altar_3, uniq_ijyb
D:6:      layout_cave_pools, temple_statues
D:7:      layout_basic, kennysheep_mini_moat, serial_shops, shop, basic_altar,
          kennysheep_nondescript
D:8:      layout_basic, minitemple, serial_glass, glass_columns_c,
          glass_columns_b, minmay_strange_pillars, feat_on_display
Temple:   dshaligram_water_room_temple

Skill      XL: |  1  2  3  4  5  6  7  8 |
---------------+-------------------------+-----
Spellcasting   | 3 4 5 6 |  6.3
Conjurations   | 4 5 6 |  6.8
Armour         | 1 2 3 |  3.2
Shields        | 1 2 |  2.9
Translocations | 1 2 |  2.7
Dodging        | |  1.5
Stealth        | |  1.5

Action                   |  1- 3 |  4- 6 |  7- 9 || total
-------------------------+-------+-------+-------++-------
Melee: Unarmed           |     6 |       |       ||     6
       Dagger            |    11 |    17 |    33 ||    61
       Short sword       |    22 |    36 |       ||    58
 Cast: Magic Dart        |    58 |    33 |    30 ||   121
       Searing Ray       |     3 |    25 |    36 ||    64
Invok: Curse Item        |       |       |     1 ||     1
  Use: Scroll            |       |       |    10 ||    10
 Stab: Sleeping          |       |     1 |       ||     1
Armor: Robe              |     9 |     3 |       ||    12
       Leather armour    |       |     1 |    19 ||    20
Dodge: Dodged            |    38 |    44 |    48 ||   130

Table legend:
 A = Non-vault XP
 B = Vault XP
 C = Vault XP percentage of total XP
 D = Non-vault monster count
 E = Vault monster count
 F = Vault count percentage of total count
                 A         B        C        D         E       F
            +---------+---------+-------+---------+---------+-------
      Total |    2271 |      32 |   1.4 |     138 |       1 |   0.7
            +---------+---------+-------+---------+---------+-------
        D:1 |      31 |       0 |   0.0 |      17 |       0 |   0.0
        D:2 |      72 |       0 |   0.0 |      26 |       0 |   0.0
        D:3 |     114 |       0 |   0.0 |      21 |       0 |   0.0
        D:4 |     346 |       0 |   0.0 |      13 |       0 |   0.0
        D:5 |     381 |      32 |   7.7 |      17 |       1 |   5.6
        D:6 |     491 |       0 |   0.0 |      22 |       0 |   0.0
        D:7 |     477 |       0 |   0.0 |      14 |       0 |   0.0
        D:8 |     359 |       0 |   0.0 |       8 |       0 |   0.0
            +---------+---------+-------+---------+---------+-------
